 Dungeon Sprint DCSS version 0.28-a0-938-gbc3f381ebc (webtiles) character file.

Game seed: 12694160347729851125

2200000 ytrimaz the Slayer (level 15, -29/151 HPs)
             Began as a Demonspawn Fighter on Nov 29, 2021.
             Was an Initiate of Makhleb.
             Annihilated by a meat berserker (48 damage)
             ... in the Dungeon (Sprint VIII: "Arena of Blood").
             The game lasted 00:00:39 (22 turns).

ytrimaz the Slayer (Demonspawn Fighter)               Turns: 22, Time: 00:00:39

Health: -29/151    AC: 15    Str: 22    XL:     15   Next: 8%
Magic:  15/15      EV: 10    Int: 11    God:    Makhleb [......]
Gold:   0          SH:  4    Dex: 12    Spells: 14/14 levels left

rFire   . . .      SeeInvis +   j - +∞ Axe of Woe
rCold   . . .      Faith    .   (shield currently unavailable)
rNeg    . . .      Spirit   .   a - +0 scale mail
rPois   .          Reflect  .   (helmet unavailable)
rElec   .          Harm     .   (no cloak)
rCorr   +          Rampage  .   (no gloves)
Will    +....      NoTele   +   (no boots)
Stlth   ..........              (no amulet)
HPRegen 0.35/turn               (no ring)
MPRegen 0.14/turn               (no ring)

@: no status effects
A: antennae 3, yellow scales 3, demonic guardian 2, condensation shield
a: Renounce Religion


You were in the Dungeon.
You worshipped Makhleb.
Makhleb was noncommittal.
You visited 1 branch

Inventory:

Hand Weapons
 j - the +∞ Axe of Woe (weapon)
   (You found it in the Dungeon)
Armour
 a - a +0 scale mail (worn)
 b - a +0 buckler
Scrolls
 i - a scroll of blinking
Potions
 c - a potion of might
 d - a potion of curing
 e - a potion of heal wounds
 f - a potion of haste
 g - 2 potions of magic
 h - a potion of berserk rage


   Skills:
 + Level 24.2 Fighting
 + Level 13.6 Axes
 + Level 21.5 Armour
 + Level 21.0 Shields
 + Level 11.3 Unarmed Combat


You had 14 spell levels left.
You didn't know any spells.
Your spell library was empty.

Dungeon Overview and Level Annotations

Branches:
Dungeon (1/1)

Altars:
Makhleb


Innate Abilities, Weirdness & Mutations

You have a pair of large antennae on your head. (SInv)
You are completely covered in yellow scales. (AC +4, rCorr)
A demonic guardian rushes to your aid.
A meltable shield of frost defends you. (SH +4)


Message History

Press < or > to pray at altars.
Unknown command.
Press < or > to pray at altars.
You hear a shout! x6
Items here: )) == ††.
Unknown command.
Unknown command. 3 orcs come into view.
The bag of meat shouts! x3; You hear a shout!
A meat berserker comes into view. It is wielding a +9 battleaxe.
The meat berserker hits your ice devil with a +9 battleaxe!
You hear a shout! x5
A destroyer comes into view. It is wielding a +9 vorpal great sword.
You hear a shout! x3
A meat berserker comes into view. It is wielding a +9 battleaxe.
You hear a shout!
Your ice devil hits the meat berserker.
Your ice devil freezes the meat berserker!
The meat berserker hits your ice devil with a +9 battleaxe!!
You hear a shout!
A bag of meat comes into view. It is wielding a +9 war axe. x2
An orc and a two-headed ogre come into view.
The large bag of meat shouts in stereo!
You hear a shout!
A bag of meat comes into view. It is wielding a +9 war axe.
You hear a shout! x3
A bag of meat comes into view. It is wielding a +9 war axe.
A large bag of meat comes into view. It is wielding a +9 giant spiked club.
You hear a shout!
Unknown command.
A bag of meat comes into view. It is wielding a +9 war axe.
The large bag of meat shouts in stereo!
You hear a shout! x5
A bag of meat comes into view. It is wielding a +9 war axe. x2
You hear a shout! x8
Unknown command.
Unknown command.
An orc, an ogre and a two-headed ogre come into view.
The bag of meat shouts! x3; The large bag of meat shouts in stereo!
The meat berserker shouts!
You hear a shout! x10
The meat berserker hits you with a +9 battleaxe!!!
You die...

........#o#....
........O.o.....
........Oo..oo..
..........oo....
.......O...o...
...o....o......
#.o..oO.#
#..o@O..# .
.###....o..###..V
.....o###........
......)_)........
....#.O{).#......
....#_.<._#......
... #.....# .....
......._.....O...
......###........


You could see 3 large bags of meat, 3 meat berserkers and 15 bags of meat.

Vanquished Creatures
  2 ogres (D)
  7 orcs (D)
9 creatures vanquished.

Notes
Turn   | Place    | Note
-------+----------+-------------------------------------------
     0 | D        | Found the +∞ Axe of Woe
     0 | D        | ytrimaz the Demonspawn Fighter began the quest for the Orb.
     0 | D        | Reached XP level 1. HP: 18/18 MP: 1/1
     2 | D        | Noticed a bag of meat
     5 | D        | Noticed a bag of meat
     6 | D        | Noticed a bag of meat
     7 | D        | Noticed a bag of meat
     7 | D        | Noticed a bag of meat
     8 | D        | Noticed a meat berserker
     9 | D        | Noticed a bag of meat
    11 | D        | Killed a bag of meat
    11 | D        | Noticed a bag of meat
    12 | D        | Reached skill level 15 in Fighting
    12 | D        | Gained mutation: You are partially covered in yellow
                  | scales. (AC +2) [demonic ancestry]
    12 | D        | Reached XP level 2. HP: 6/44 MP: 2/2
    12 | D        | Reached XP level 3. HP: 7/50 MP: 3/3
    12 | D        | Gained mutation: A meltable shield of frost defends you.
                  | (SH +4) [demonic ancestry]
    12 | D        | Reached XP level 4. HP: 8/57 MP: 4/4
    12 | D        | Gained mutation: A weak demonic guardian rushes to your
                  | aid. [demonic ancestry]
    12 | D        | Reached XP level 5. HP: 9/63 MP: 5/5
    12 | D        | Gained mutation: You have a pair of small antennae on your
                  | head. [demonic ancestry]
    12 | D        | Reached XP level 6. HP: 10/70 MP: 6/6
    12 | D        | Gained mutation: A demonic guardian rushes to your aid.
                  | [demonic ancestry]
    12 | D        | Reached XP level 7. HP: 11/76 MP: 7/7
    12 | D        | Reached XP level 8. HP: 12/83 MP: 8/8
    12 | D        | Gained mutation: You are mostly covered in yellow scales.
                  | (AC +3) [demonic ancestry]
    12 | D        | Reached XP level 9. HP: 13/89 MP: 9/9
    12 | D        | Reached XP level 10. HP: 14/96 MP: 10/10
    12 | D        | Killed a bag of meat
    13 | D        | Reached skill level 17 in Fighting
    13 | D        | Reached skill level 15 in Armour
    13 | D        | Reached skill level 15 in Shields
    13 | D        | Reached XP level 11. HP: 16/107 MP: 11/11
    13 | D        | Killed a bag of meat
    13 | D        | Killed a bag of meat
    13 | D        | Killed a meat berserker
    13 | D        | Noticed a meat berserker
    14 | D        | Reached skill level 21 in Fighting
    14 | D        | Reached skill level 10 in Unarmed Combat
    14 | D        | Gained mutation: You have a pair of antennae on your head.
                  | [demonic ancestry]
    14 | D        | Reached XP level 12. HP: 12/124 MP: 12/12
    14 | D        | Reached XP level 13. HP: 13/130 MP: 13/13
    14 | D        | Killed a bag of meat
    14 | D        | Killed a bag of meat
    15 | D        | Reached skill level 22 in Fighting
    15 | D        | Gained mutation: You have a pair of large antennae on your
                  | head. (SInv) [demonic ancestry]
    15 | D        | Reached XP level 14. HP: 14/141 MP: 14/14
    15 | D        | Killed a bag of meat
    15 | D        | Noticed a meat berserker
    16 | D        | Reached skill level 23 in Fighting
    16 | D        | Killed a meat berserker
    16 | D        | Noticed a bag of meat
    16 | D        | Noticed a bag of meat
    17 | D        | Reached skill level 24 in Fighting
    17 | D        | Gained mutation: You are completely covered in yellow
                  | scales. (AC +4, rCorr) [demonic ancestry]
    17 | D        | Reached XP level 15. HP: 16/151 MP: 15/15
    17 | D        | Became a worshipper of Makhleb the Destroyer
    19 | D        | Noticed a meat berserker
    19 | D        | Noticed a destroyer
    19 | D        | Noticed a meat berserker
    20 | D        | Noticed a large bag of meat
    20 | D        | Noticed a large bag of meat
    22 | D        | Noticed a large bag of meat
    22 | D        | Noticed a meat berserker
    22 | D        | Annihilated by a meat berserker

Illustrated notes

Levels and vault maps discovered:
D:        meatsprint

Skill      XL: |  1  2  3  4  5  6  7  8  9 10 11 12 13 14 |
---------------+-------------------------------------------+-----
Fighting       | 15 17 21 22 24 | 24.2
Axes           | 3 4 9 11 13 | 13.6
Armour         | 13 15 18 20 21 | 21.5
Shields        | 13 15 18 19 21 | 21.0
Unarmed Combat | 7 8 10 11 | 11.3

Action                   |  1- 3 |  4- 6 |  7- 9 | 10-12 | 13-15 || total
-------------------------+-------+-------+-------+-------+-------++-------
Melee: Executioner's axe |     1 |       |       |     2 |     3 ||     6

Table legend: (Time is in decaauts)
 A = Elapsed time spent in this place.
 B = Non-inter-level travel time spent in this place.
 C = Inter-level travel time spent in this place.
 D = Time resting spent in this place.
 E = Time spent auto-exploring this place.
 F = Levels seen in this place.
 G = Mean time per level.
                   A        B        C        D        E       F      G
               +--------+--------+--------+--------+--------+-----+--------+
         Total |     25 |     25 |      0 |      0 |      0 |   1 |   25.0 |
       Dungeon |     25 |     25 |      0 |      0 |      0 |   1 |   25.0 |
               +--------+--------+--------+--------+--------+-----+--------+

Top non-repeatable levels by time:
       D: 25 daAuts
